 Dungeon Crawl Stone Soup version 0.30-a0-368-g86fb4627a9 (webtiles) character file.

Game seed: 5863759949103271211

204 mopl the Covert (level 5, -6/36 HPs)
             Began as an Octopode Delver on Nov 19, 2022.
             Mangled by Duvessa
             ... wielding a +0 rapier
              (9 damage)
             ... on level 5 of the Dungeon.
             The game lasted 00:01:54 (694 turns).

mopl the Covert (Octopode Delver)                    Turns: 694, Time: 00:01:54

Health: -6/36      AC:  1    Str: 11    XL:     5   Next: 82%
Magic:  5/5        EV: 13    Int: 14    God:
Gold:   0          SH:  0    Dex: 14    Spells: 4/4 levels left

rFire   . . .      SeeInvis .    a - +0 falchion
rCold   . . .      Faith    .    (no shield)
rNeg    . . .      Spirit   .    (helmet restricted)
rPois   .          Reflect  .    (no amulet)
rElec   .          Harm     .    (no ring)
rCorr   .          Rampage  .    (no ring)
Will    .....                    (no ring)
Stlth   +++++.....               (no ring)
HPRegen 0.26/turn                (no ring)
MPRegen 0.09/turn                (no ring)
                                 (no ring)
                                 (no ring)

@: flying
A: almost no armour, amphibious, 8 rings, camouflage 1, gelatinous body 1,
(nimble swimmer 1), tentacles
a: no special abilities


You were on level 5 of the Dungeon.
You visited 1 branch of the dungeon, and saw 1 of its levels.

Inventory:

Hand Weapons
 a - a +0 falchion (weapon)
Jewellery
 h - a ring of flight
Wands
 f - a wand of digging (3)
Scrolls
 b - a scroll of fog
 c - a scroll of magic mapping
 d - a scroll of fear
 j - a scroll of vulnerability {unknown}
 l - a scroll of identify {unknown}
Potions
 e - a potion of haste
 i - a potion of curing
 k - a potion of degeneration {unknown}


   Skills:
 - Level 3.0 Fighting
 + Level 4.3 Long Blades
 - Level 2.0 Dodging
 + Level 8.7 Stealth


You had 4 spell levels left.
You didn't know any spells.
Your spell library was empty.

Dungeon Overview and Level Annotations

Branches:
Dungeon (5/15)
 Temple: D:4-7

Altars:
Dithmenos
Qazlal

Annotations:
D:5 exclusion: jelly, Dowan, Duvessa


Innate Abilities, Weirdness & Mutations

You cannot wear most types of armour.
You are amphibious.
You can wear up to eight rings at the same time.
Your skin changes colour to match your surroundings (Stealth+).
Your rubbery body absorbs attacks. (AC +1, EV +1)
((You are camouflaged when in or above water. (Stealth+)))
You have tentacles for arms and can constrict up to eight enemies at once.


Message History

Dowan shouts!
Dowan gestures wildly while chanting.
Dowan blinks!
Duvessa hits you with a +0 rapier!
You hit the plant but do no damage. You grab the plant.
You constrict the plant.
The plant begins to die.
Duvessa hits you with a +0 rapier!
You release your grip on the plant.
A nearby plant withers and dies.
Duvessa says, "Where magic fails, the sword succeeds!"
Duvessa gestures with her weapon.
You hit Duvessa but do no damage. You grab Duvessa.
You constrict Duvessa, but do no damage.
You hit Duvessa.
Duvessa is lightly wounded.
You constrict Duvessa, but do no damage.
Duvessa struggles to escape constriction.
You barely miss Duvessa.
Duvessa is lightly wounded.
You constrict Duvessa.
Duvessa struggles to escape constriction.
You hit Duvessa but do no damage.
Duvessa is lightly wounded.
You constrict Duvessa.
Dowan points at Duvessa and mumbles some strange words.
Duvessa seems to speed up.
You hit Duvessa.
Duvessa is lightly wounded.
You constrict Duvessa.
Duvessa escapes!
Duvessa hits you with a +0 rapier! Duvessa completely misses you.
It was a potion of curing.
You feel better. Duvessa closely misses you.
Dowan mumbles some strange words.
Dowan blinks!
Duvessa hits you with a +0 rapier!
Unknown command.
Duvessa attacks as you move away! Duvessa hits you with a +0 rapier!
* * * LOW HITPOINT WARNING * * *
It was a potion of flight.
You feel very buoyant.
You fly up into the air.
Duvessa hits you with a +0 rapier!
You die...

###############~~P~P.~~~~~# ##
........##.^.##~~~....~~.P### #
#######.##.#................#
######.##.#................#
#.........#.......#........#
#.####.##########.(.###...## #.#
#.# #...# ##### #.# #.# ####.#.#
#.# #<# ##.@..#.####
##.####.#####♣~e♣♣.#....#########
.............♣♣~.♣♣...#.........#
##.####.####♣♣♣~~♣......#######.#
...# #..# ♣P~♣♣.♣....# #.# ####
##.♣♣♣♣♣P~♣♣♣♣♣♣..# #..
#.~P.~~.~~♣♣♣♣P..# #####.#
#..~.~~~~~.~~...####.....#
##P♣♣P~~.~~♣♣P♣........#.#


You could see Duvessa (fast).

Vanquished Creatures
  A necrophage (D:5)
  A scorpion (D:5)
  A hound (D:5)
  4 gnolls (D:5)
  An adder (D:5)
8 creatures vanquished.

Vanquished Creatures (others)
  4 plants (D:5)
4 creatures vanquished.

Grand Total: 12 creatures vanquished

Notes
Turn   | Place    | Note
-------+----------+-------------------------------------------
     0 | D:5      | mopl the Octopode Delver began the quest for the Orb.
     0 | D:5      | Reached XP level 1. HP: 16/16 MP: 1/1
    14 | D:5      | Noticed a scorpion
    46 | D:5      | Killed a scorpion
    47 | D:5      | Reached skill level 3 in Long Blades
    47 | D:5      | Reached skill level 7 in Stealth
    47 | D:5      | Reached XP level 2. HP: 2/21 MP: 2/2
    47 | D:5      | Reached XP level 3. HP: 2/26 MP: 3/3
    47 | D:5      | Reached XP level 4. HP: 3/31 MP: 4/4
   211 | D:5      | Reached skill level 8 in Stealth
   283 | D:5      | Found a stormy altar of Qazlal.
   294 | D:5      | Found a shadowy altar of Dithmenos.
   409 | D:5      | Reached XP level 5. HP: 31/36 MP: 5/5
   525 | D:5      | Reached skill level 4 in Long Blades
   655 | D:5      | Noticed Duvessa
   655 | D:5      | Noticed Dowan
   694 | D:5      | Mangled by Duvessa

Illustrated notes

Levels and vault maps discovered:
D:5:      layout_loops_ring, mainiacjoe_overflow_catch_the_wave, serial_bayou,
          serial_bayou_shore_a, serial_bayou_pond_e, serial_bayou_ford_a,
          serial_bayou_crossing, nicolae_shop_clearance, uniq_duvessa

Skill      XL: |  1  2  3  4  5 |
---------------+----------------+-----
Long Blades    | 3 4 |  4.3
Stealth        | 7 8 |  8.7
Fighting       | |  3.0
Dodging        | |  2.0

Action                   |  1- 3 |  4- 6 || total
-------------------------+-------+-------++-------
Melee: Falchion          |     8 |    31 ||    39
       Tentacles         |     2 |     7 ||     9
       Constrict         |     1 |     9 ||    10
  Use: Potion            |       |     2 ||     2
 Stab: Sleeping          |       |     2 ||     2
Armor: Skin              |     1 |       ||     1
Dodge: Dodged            |     4 |     9 ||    13

Table legend: (Time is in decaauts)
 A = Elapsed time spent in this place.
 B = Non-inter-level travel time spent in this place.
 C = Inter-level travel time spent in this place.
 D = Time resting spent in this place.
 E = Time spent auto-exploring this place.
 F = Levels seen in this place.
 G = Mean time per level.
                   A        B        C        D        E       F      G
               +--------+--------+--------+--------+--------+-----+--------+
         Total |    699 |    699 |      0 |    111 |    398 |   1 |  699.0 |
       Dungeon |    699 |    699 |      0 |    111 |    398 |   1 |  699.0 |
               +--------+--------+--------+--------+--------+-----+--------+

Top non-repeatable levels by time:
     D:5: 699 daAuts
